 Dungeon Crawl Stone Soup version 0.28-a0-1074-g3cb2360906 (webtiles) character file.

Game seed: 4513419935028827158

39992 Conn the Arsonist (level 14, -8/81 HPs)
             Began as an Octopode Fire Elementalist on Dec 9, 2021.
             Was a High Priest of Sif Muna.
             Killed by an exploding eight-headed hydra (15 damage)
             ... ignited by their inner flame
             ... on level 4 of the Lair of Beasts.
             The game lasted 01:16:23 (25563 turns).

Conn the Arsonist (Octopode Fire Elementalist)     Turns: 25563, Time: 01:16:24

Health: -8/81      AC:  8    Str:  8    XL:     14   Next: 9%
Magic:  8/28       EV: 14    Int: 26    God:    Sif Muna [*****.]
Gold:   469        SH: 12    Dex: 11    Spells: 8/34 levels left

rFire   + . .      SeeInvis .   a - staff of conjuration
rCold   + . .      Faith    .   r - +2 buckler of the Sky {rElec Str+2 Int+4 Dex-3}
rNeg    . . .      Spirit   .   I - +2 hat
rPois   +          Reflect  +   m - amulet of reflection
rElec   +          Harm     .   k - +4 ring of protection
rCorr   .          Rampage  .   x - ring of protection from cold
Will    +....                   c - ring of protection from cold
Stlth   ++++......              n - ring "Zivyan" {Fire rPois}
HPRegen 0.23/turn               (no ring)
MPRegen 0.21/turn               (no ring)
                                (no ring)
                                (no ring)

@: no status effects
A: almost no armour, amphibious, 8 rings, camouflage 1, gelatinous body 1,
(nimble swimmer 1), tentacles, tentacle spike 2, agile 1, shaggy fur 1, weak 1
a: Renounce Religion, Channel Magic, Forget Spell, Divine Exegesis


You were on level 4 of the Lair of Beasts.
You worshipped Sif Muna.
Sif Muna was extremely pleased with you.
You visited 3 branches of the dungeon, and saw 18 of its levels.
You visited 1 bazaar.

You collected 1120 gold pieces.
You spent 651 gold pieces at shops.

Inventory:

Hand Weapons
 b - the +7 whip "Lieferch" {freeze, rPois Will+ Int-2}
   (You found it on level 9 of the Dungeon)

   It freezes those it strikes, dealing additional cold damage.
   It can also slow down cold-blooded creatures.
   Int:       It affects your intelligence (-2).
   rPois:     It protects you from poison.
   Will:      It increases your willpower.
 y - a +6 dagger of venom
Missiles
 H - 2 curare-tipped darts (quivered)
Armour
 r - the +2 buckler of the Sky (worn) {rElec Str+2 Int+4 Dex-3}
   (You found it on level 4 of the Dungeon)

   Str:       It affects your strength (+2).
   Int:       It affects your intelligence (+4).
   Dex:       It affects your dexterity (-3).
   rElec:     It insulates you from electricity.
 I - a +2 hat (worn)
Magical Staves
 a - a staff of conjuration (weapon)
Jewellery
 c - a ring of protection from cold (on tentacle)
 k - a +4 ring of protection (left tentacle)
 m - an amulet of reflection (around mantle)
 n - the ring "Zivyan" (on tentacle) {Fire rPois}
   (You bought it in a shop in a bazaar)

   [ring of fire]

   It enhances your fire magic.
   rF:        It protects you from fire.
   rC:        It makes you vulnerable to cold.
   rPois:     It protects you from poison.
 v - an amulet of faith
 x - a ring of protection from cold (right tentacle)
 G - an amulet of regeneration
Wands
 f - a wand of digging (5)
 g - a wand of mindburst (20)
 l - a wand of iceblast (19)
 p - a wand of flame (31)
 K - a wand of paralysis (2)
Scrolls
 i - a scroll of teleportation
 t - 2 scrolls of blinking
 w - a scroll of immolation
 B - a scroll of magic mapping
 L - 2 scrolls of fear
Potions
 d - 2 potions of mutation
 j - a potion of magic
 o - a potion of curing
 s - a potion of brilliance
 u - 2 potions of flight
 z - a potion of might
Miscellaneous
 h - a lightning rod (4/4)
 M - a phantom mirror


   Skills:
 + Level 2.6 Fighting
 + Level 0.1 Short Blades
 + Level 1.8 Staves
 + Level 1.8 Throwing
 + Level 4.3 Dodging
 + Level 5.6 Stealth
 + Level 6.4 Shields
 + Level 10.8 Spellcasting
 * Level 11.3 Conjurations
 + Level 3.4 Hexes
 * Level 13.3 Fire Magic
 + Level 4.0 Poison Magic
 + Level 7.0 Invocations
 + Level 1.4 Evocations


You had 8 spell levels left.
You knew the following spells:

 Your Spells              Type           Power      Damage    Failure   Level
a - Foxfire               Conj/Fire      100%       2x1d9     1%          1
b - Conjure Flame         Conj/Fire      100%       6-21      1%          3
c - Inner Flame           Hex/Fire       72%        N/A       1%          3
d - Flame Wave            Conj/Fire      100%       2d14      1%          4
e - Scorch                Fire           100%       2d10      1%          2
f - Sticky Flame          Conj/Fire      100%       2d11      1%          4
g - Searing Ray           Conj           100%       2d8       1%          2
h - Ignite Poison         Fire/Tmut/Pois 61%        N/A       1%          3
i - Olgreb's Toxic Radia  Pois           35%        N/A       8%          4

Your spell library contained the following spells:

 Spells                   Type           Power      Damage    Failure   Level
 Magic Dart               Conj           100%       1d8       1%          1
 Slow                     Hex            100%       N/A       1%          1
 Sting                    Tmut/Pois      96%        1d7       1%          1
 Static Discharge         Conj/Air       60%        N/A       1%          2
 Fulminant Prism          Conj/Hex       34%        3d16      1%          4
 Fireball                 Conj/Fire      54%        3d21      1%          5
 Poisonous Vapours        Pois/Air       48%        N/A       2%          2
 Confusing Touch          Hex            31%        N/A       3%          3
 Tukima's Dance           Hex            31%        N/A       3%          3
 Animate Skeleton         Necr           28%        N/A       4%          1
 Apportation              Tloc           28%        N/A       4%          1
 Summon Small Mammal      Summ           56%        N/A       4%          1
 Corpse Rot               Necr/Air       28%        N/A       6%          2
 Passwall                 Tmut/Erth      11%        N/A       6%          2
 Swiftness                Air            14%        N/A       13%         3
 Vampiric Draining        Necr           14%        2d7       13%         3
 Dispel Undead            Necr           14%        3d10      38%         4
 Passage of Golubria      Tloc           14%        N/A       38%         4
 Yara's Violent Unravell  Hex/Tmut       11%        3d6       50%         5
 Conjure Ball Lightning   Conj/Air       30%        3x3d10    54%         6
 Iron Shot                Conj/Erth      30%        9d6       54%         6
 Death Channel            Necr           7%         N/A       100%        6
 Fire Storm               Conj/Fire      54%        8d14      100%        9


Dungeon Overview and Level Annotations

Branches:
Dungeon (13/15)            Temple (1/1) D:4            Lair (4/6) D:8
 Spider (0/4) Lair:4          Orc (0/2) D:9
  Swamp: Lair:2-4    Shoals: Lair:2-4    Vaults: D:13-14

Altars:
Cheibriados
Elyvilon
Hepliaklqana
Makhleb
Sif Muna
Trog
The Shining One

Shops:
D:6 :   D:10 [

Annotations:
D:9 3 runed translucent doors
D:12 Josephine
D:13 1 runed translucent door
Lair:1 3 runed translucent doors, Jannitor's ghost, journeyman DsCA


Innate Abilities, Weirdness & Mutations

You cannot wear most types of armour.
You are amphibious.
You can wear up to eight rings at the same time.
Your skin changes colour to match your surroundings (Stealth+).
Your rubbery body absorbs attacks. (AC +1, EV +1)
((You are camouflaged near water. (Stealth+)))
You have tentacles for arms and can constrict up to eight enemies at once.
One of your tentacles bears a nasty spike.
You are agile. (Dex +2)
You are covered in fur. (AC +1)
You are weak. (Str -2)


Message History

Flame seeps out of the eight-headed hydra.
The eight-headed hydra is heavily wounded. (Press . to intensify the flame waves.)
The eight-headed hydra is engulfed in blazing flames.
Flame seeps out of the eight-headed hydra.
The eight-headed hydra bites you.
You block the eight-headed hydra's attack.
The eight-headed hydra misses you.
You block the eight-headed hydra's attack.
The eight-headed hydra bites you but does no damage.
You block the eight-headed hydra's attack.
The eight-headed hydra bites you. x2
Unknown command.
Unknown command.
Casting: Flame Wave (safe; 1% risk of failure)
Confirm with . or Enter, or press ? or * to list all spells.
Restarting spell: Flame Wave (safe; 1% risk of failure)
Press: ? - help, Dir - look around, f - activate You feel a strong surge of power!
A wave of flame ripples out!
The flame wave engulfs the eight-headed hydra!
Flame seeps out of the eight-headed hydra.
The eight-headed hydra is severely wounded. (Press . to intensify the flame waves.)
The eight-headed hydra is engulfed in blazing flames.
Flame seeps out of the eight-headed hydra.
The eight-headed hydra misses you.
You block the eight-headed hydra's attack. x2
The eight-headed hydra bites you! x2
The eight-headed hydra bites you but does no damage.
The eight-headed hydra bites you!
* * * LOW HITPOINT WARNING * * *
The eight-headed hydra bites you!
* * * LOW HITPOINT WARNING * * *
Unknown command.
Unknown command.
The eight-headed hydra is engulfed in blazing flames.
Sif Muna accepts your kill.
The eight-headed hydra explodes!
The fiery explosion engulfs you! You resist.
You die...

......#.##.........#.....
........###........P.##..
........# #.......P..#...
........# #......#.###..
......☼.§ #.......## #..
......§.## #P#......# #)#
......§☼§# ###..#.# ###
......§§§#####...####
........@##≈.....#
.......##.≈≈≈.≈≈≈#
...P#####≈≈≈≈.≈≈≈≈# ...
#≈≈≈##+##≈≈≈# .... ##≈≈##
##≈≈#### #... #P≈≈#
#≈≈...# #... ##≈≈#
#≈≈...# #...# ##≈≈#
#≈≈...## #.... #≈≈≈##
##≈≈≈#..##


There were no monsters in sight!

Vanquished Creatures
  A yaktaur captain (D:11)
  2 boulder beetles
  5 hydras
  A catoblepas (Lair:4)
  2 two-headed ogres
  A centaur warrior (D:11)
  Erica (D:9)
  A phantasmal warrior (D:11)
  An ugly thing (D:11)
  A cyclops (D:11)
  5 black mambas
  Joseph (Lair:1)
  A torpor snail (Lair:2)
  A gargoyle (D:10)
  An ice statue (D:11)
  10 cane toads
  5 komodo dragons
  A tengu conjurer (D:13)
  An unseen horror (D:11)
  2 trolls
  2 jumping spiders (D:9)
  8 polar bears
  12 blink frogs
  3 meliai zombies (D:11)
  Prince Ribbit (Lair:1)
  7 slime creatures
  A shadow (D:10)
  29 yaks
  2 redbacks
  2 wraiths
  3 wyverns
  3 basilisks
  3 steam dragons
  Menkaure (D:6)
  5 acid dragons
  8 water moccasins
  10 orc warriors
  2 ice beasts (D:6)
  6 black bears
  3 necrophages
  A sky beast (D:7)
  14 centaurs
  5 ogres
  Blork the orc (D:4)
  6 kobold brigands
  12 bullfrogs
  3 gnoll sergeants (D:9)
  3 scorpions (D:6)
  A hornet simulacrum (D:13)
  9 killer bees (D:9)
  3 wights (D:8)
  8 howler monkeys
  4 centaur zombies
  A bullfrog skeleton (D:7)
  A gnoll shaman (D:4)
  6 orc priests
  A hound (D:4)
  3 jellies
  An iguana (D:7)
  Ijyb (D:4)
  Terence (D:3)
  5 orc wizards
  5 hell rats (Lair:4)
  A killer bee zombie (D:6)
  A howler monkey zombie (D:10)
  9 adders
  7 gnolls
  A howler monkey skeleton (D:3)
  2 white imps
  3 adder skeletons
  2 dart slugs
  50 orcs
  4 ball pythons
  10 bats
  8 endoplasms
  4 giant cockroaches
  5 goblins
  7 hobgoblins
  5 jackals (D:1)
  18 kobolds
  5 quokkas
  3 frilled lizards
  2 rats
397 creatures vanquished.

Vanquished Creatures (collateral kills)
  A sphinx (D:11)
  2 centaur warriors (D:11)
  A basilisk (shapeshifter) (D:11)
  9 foxfires
13 creatures vanquished.

Vanquished Creatures (others)
  A basilisk (D:8)
  A swamp drake (D:8)
  1711 foxfires
  19 fungi
  30 plants
1762 creatures vanquished.

Grand Total: 2172 creatures vanquished

Notes
Turn   | Place    | Note
-------+----------+-------------------------------------------
     0 | D:1      | Conn the Octopode Fire Elementalist began the quest for the
                  | Orb.
     0 | D:1      | Reached XP level 1. HP: 11/11 MP: 3/3
    46 | D:1      | Reached XP level 2. HP: 2/17 MP: 0/5
   569 | D:1      | Found a faded altar of an unknown god.
   936 | D:1      | Reached XP level 3. HP: 21/21 MP: 1/6
  1648 | D:2      | Reached XP level 4. HP: 18/27 MP: 1/8
  2874 | D:3      | Reached XP level 5. HP: 31/31 MP: 5/9
  3717 | D:3      | Noticed Terence
  3726 | D:3      | Learned a level 3 spell: Conjure Flame
  3730 | D:3      | Learned a level 3 spell: Inner Flame
  3756 | D:3      | Killed Terence
  3866 | D:3      | Reached skill level 4 in Fire Magic
  3961 | D:3      | Reached XP level 6. HP: 30/37 MP: 0/11
  4550 | D:4      | Found a staircase to the Ecumenical Temple.
  4556 | Temple   | Entered the Ecumenical Temple
  4676 | Temple   | Became a worshipper of Sif Muna the Loreminder
  4811 | D:4      | Noticed Blork the orc
  4819 | D:4      | Killed Blork the orc
  4991 | D:4      | Noticed Ijyb
  4999 | D:4      | Killed Ijyb
  5235 | D:4      | Reached XP level 7. HP: 42/42 MP: 6/12
  5360 | D:4      | Reached skill level 5 in Fire Magic
  5527 | D:4      | Reached skill level 5 in Stealth
  5701 | D:4      | Identified the +2 buckler of the Sky {rElec Str+2 Int+4
                  | Dex-3}
  5882 | D:5      | Entered Level 5 of the Dungeon
  6200 | D:5      | Reached skill level 1 in Shields
  6200 | D:5      | Reached skill level 1 in Invocations
  6200 | D:5      | Reached XP level 8. HP: 20/47 MP: 3/14
  6207 | D:5      | Reached skill level 1 in Staves
  6440 | D:5      | Reached * piety under Sif Muna
  6755 | D:5      | Learned a level 4 spell: Flame Wave
  6758 | D:5      | Learned a level 2 spell: Scorch
  6929 | D:6      | Noticed Menkaure
  6936 | D:6      | Killed Menkaure
  6937 | D:6      | Reached skill level 6 in Fire Magic
  7071 | D:6      | Reached skill level 5 in Spellcasting
  7267 | D:6      | Reached XP level 9. HP: 52/52 MP: 11/16
  7272 | D:6      | Reached skill level 5 in Conjurations
  7387 | D:6      | Found Tozig's Book Emporium.
  7886 | D:7      | Found a hazy altar of Hepliaklqana.
  8419 | D:7      | Reached ** piety under Sif Muna
  8762 | D:7      | Reached skill level 1 in Fighting
  8799 | D:7      | Reached skill level 7 in Fire Magic
  9388 | D:8      | Reached XP level 10. HP: 51/59 MP: 2/19
  9690 | D:8      | Noticed a two-headed ogre
  9701 | D:8      | Killed a two-headed ogre
 11215 | D:8      | Found a staircase to the Lair.
 11329 | D:9      | Noticed Erica
 11335 | D:9      | Killed Erica
 11336 | D:9      | Reached skill level 8 in Fire Magic
 11502 | D:9      | Reached skill level 5 in Invocations
 11883 | D:9      | Reached skill level 1 in Hexes
 12121 | D:9      | Reached XP level 11. HP: 63/63 MP: 5/22
 12128 | D:9      | Reached *** piety under Sif Muna
 12335 | D:9      | Found a staircase to the Orcish Mines.
 12342 | D:9      | Reached skill level 9 in Fire Magic
 13396 | D:9      | Found a runed translucent door.
 13687 | D:9      | Identified the +7 whip "Lieferch" {freeze, rPois Will+
                  | Int-2}
 13690 | D:9      | Found a runed translucent gate.
 13690 | D:9      | Found a runed translucent gate.
 13690 | D:9      | Found a runed translucent gate.
 13690 | D:9      | Found a runed translucent gate.
 13690 | D:9      | Found a runed translucent gate.
 13690 | D:9      | Found a runed translucent gate.
 13690 | D:9      | Noticed a lindwurm
 13690 | D:9      | Noticed a boulder beetle
 13698 | D:9      | Learned a level 4 spell: Sticky Flame
 13739 | D:10     | Entered Level 10 of the Dungeon
 13770 | D:10     | Gained mutation: You are frail. (-10% HP) [potion of
                  | mutation]
 13770 | D:10     | Gained mutation: You are weak. (Str -2) [potion of
                  | mutation]
 13770 | D:10     | Gained mutation: Your magical capacity is low. (-10% MP)
                  | [potion of mutation]
 13770 | D:10     | Gained mutation: You are partially covered in iridescent
                  | scales. (AC +2) [potion of mutation]
 13771 | D:10     | Lost mutation: You are frail. (-10% HP) [potion of
                  | mutation]
 13771 | D:10     | Lost mutation: You are partially covered in iridescent
                  | scales. (AC +2) [potion of mutation]
 13771 | D:10     | Lost mutation: Your magical capacity is low. (-10% MP)
                  | [potion of mutation]
 13771 | D:10     | Gained mutation: You are agile. (Dex +2) [potion of
                  | mutation]
 13771 | D:10     | Gained mutation: You are covered in fur. (AC +1) [potion of
                  | mutation]
 13771 | D:10     | Gained mutation: One of your tentacles bears a spike.
                  | [potion of mutation]
 13771 | D:10     | Gained mutation: One of your tentacles bears a nasty spike.
                  | [potion of mutation]
 14181 | D:10     | Reached skill level 5 in Shields
 14343 | D:10     | Found Biodasiv's Antique Armour Shop.
 14937 | D:11     | Reached **** piety under Sif Muna
 15304 | D:11     | Noticed a boulder beetle
 15323 | D:12     | Noticed Josephine
 15455 | D:13     | Noticed a phantasmal warrior
 15469 | D:13     | Noticed a skeletal warrior
 15469 | D:13     | Noticed a skeletal warrior
 15469 | D:13     | Noticed a death knight
 15472 | D:13     | Found a runed translucent door.
 15692 | D:12     | Reached skill level 10 in Fire Magic
 16018 | D:11     | Reached XP level 12. HP: 48/70 MP: 12/24
 16256 | D:11     | Killed a boulder beetle
 16257 | D:11     | Reached skill level 1 in Evocations
 16743 | D:11     | Found a runed translucent door.
 16743 | D:11     | Noticed a centaur warrior
 16751 | D:11     | Noticed a sphinx
 16762 | D:11     | Killed a centaur warrior
 16763 | D:11     | Reached skill level 1 in Throwing
 16773 | D:11     | Killed a sphinx
 16792 | D:11     | Noticed a centaur warrior
 16801 | D:11     | Killed a centaur warrior
 16807 | D:11     | Noticed a yaktaur captain
 17174 | D:11     | Reached skill level 11 in Fire Magic
 17345 | D:11     | Noticed a centaur warrior
 17364 | D:11     | Killed a centaur warrior
 18174 | D:11     | Killed a yaktaur captain
 18478 | D:11     | Noticed a two-headed ogre
 18483 | D:11     | Killed a two-headed ogre
 19151 | D:11     | Found a gateway to a bazaar.
 19163 | Bazaar   | Entered a bazaar
 19168 | Bazaar   | Found Noatz's Antique Armour Shop.
 19203 | Bazaar   | Found Jadaikky's Jewellery Shop.
 19211 | Bazaar   | Bought the ring "Zivyan" {Fire rPois} for 651 gold pieces
 19264 | D:11     | Noticed a boulder beetle
 19346 | D:9      | Killed a boulder beetle
 19558 | D:9      | Learned a level 2 spell: Searing Ray
 19866 | Lair:1   | Entered Level 1 of the Lair of Beasts
 19895 | Lair:1   | Noticed Jannitor's ghost (journeyman DsCA)
 19896 | Lair:1   | Noticed an ice dragon
 20096 | Lair:1   | Learned a level 3 spell: Ignite Poison
 20101 | Lair:1   | Learned a level 4 spell: Olgreb's Toxic Radiance
 20176 | Lair:1   | Noticed Joseph
 20192 | Lair:1   | Killed Joseph
 20193 | Lair:1   | Reached skill level 10 in Conjurations
 20263 | Lair:1   | Noticed Prince Ribbit
 20267 | Lair:1   | Reached XP level 13. HP: 67/75 MP: 17/26
 20268 | Lair:1   | Reached skill level 1 in Poison Magic
 20269 | Lair:1   | Killed Prince Ribbit
 20275 | Lair:1   | Reached skill level 12 in Fire Magic
 20395 | Lair:1   | Identified the +3 flail "Cynn" {vorpal, rN++}
 20708 | Lair:1   | Found a runed translucent gate.
 20716 | Lair:1   | Found a runed translucent gate.
 20716 | Lair:1   | Found a runed translucent gate.
 21765 | Lair:2   | Reached ***** piety under Sif Muna
 21773 | Lair:2   | Reached skill level 10 in Spellcasting
 22639 | Lair:2   | You fall into a shaft and drop 2 floors!
 22741 | Lair:3   | Received a gift from Sif Muna
 22744 | Lair:3   | Got Sif Muna's Incunabulum of Attacks {god gift}
 24327 | Lair:4   | Reached skill level 13 in Fire Magic
 24931 | Lair:4   | Reached XP level 14. HP: 75/81 MP: 16/28
 24998 | Lair:4   | Found a hole to the Spider Nest.
 25563 | Lair:4   | Killed by an exploding eight-headed hydra... ignited by
                  | their inner flame

Illustrated notes

Levels and vault maps discovered:
D:1:      dpeg_arrival_simpleton_b, layout_loops_cross, basic_ecumenical_altar,
          minmay_surrounded
D:2:      layout_basic
D:3:      layout_loops_ring, uniq_terence
D:4:      layout_basic, minmay_temple_entry_fiery, uniq_blork_the_orc, uniq_ijyb
D:5:      layout_basic, chequers_serial_rivers_small_b
D:6:      layout_cave_pools, serial_shops, nicolae_shop_waterfront,
          uniq_menkaure
D:7:      layout_loops_ring, nicolae_hepliaklqana_hazy_memory
D:8:      layout_layer_cave, erik_lair_dragon, grunt_ministairs_7,
          minmay_misc_feat_four_crosses
D:9:      gammafunk_indiana_jones, layout_long_grid,
          kennysheep_orc_monster_closet_entryway, skrybe_limestone_x, uniq_erica
D:10:     layout_basic, serial_shops, nicolae_shop_behind_doors
D:11:     wad_river_or_something, layout_basic, serial_shops, statue_bzr,
          special_room [special_room_orc], serial_rivers,
          chequers_serial_rivers_large_b, chequers_serial_rivers_micro_d,
          chequers_serial_rivers_micro_e, chequers_serial_rivers_small_a,
          chequers_serial_rivers_room_a, minivault_13
D:12:     layout_cross, uniq_josephine
D:13:     layout_rooms, ebering_ghost_xom
Temple:   mainiacjoe_temple_trianglar_array
Lair:1:   layout_small_grid, gammafunk_ghost_icy, uniq_joseph,
          uniq_prince_ribbit2
Lair:2:   beast_lair_carwin_large_1, layout_cave_pods
Lair:3:   layout_roguey
Lair:4:   layout_cave_pods, minmay_shoals_entry_hut, spider_nest_entry_webs,
          infiniplex_staircase_pool_2

Skill      XL: |  1  2  3  4  5  6  7  8  9 10 11 12 13 |
---------------+----------------------------------------+-----
Stealth        | 3 4 5 |  5.6
Conjurations   | 2 3 4 6 7 9 10 11 | 11.3
Spellcasting   | 3 4 5 6 7 8 9 10 | 10.8
Fire Magic     | 4 5 6 7 8 10 11 13 | 13.3
Shields        | 1 2 3 4 5 6 |  6.4
Invocations    | 1 3 4 5 6 7 |  7.0
Staves         | 1 |  1.8
Dodging        | 3 4 |  4.3
Fighting       | 1 2 |  2.6
Hexes          | 1 2 3 |  3.4
Evocations     | 1 |  1.4
Throwing       | 1 |  1.8
Poison Magic   | 4 |  4.0
Short Blades   | |  0.1

Action                   |  1- 3 |  4- 6 |  7- 9 | 10-12 | 13-15 || total
-------------------------+-------+-------+-------+-------+-------++-------
Melee: Unarmed           |     6 |       |       |       |       ||     6
       Constrict         |     3 |     9 |    10 |     6 |     4 ||    32
       Tentacles         |     2 |     4 |     3 |     3 |     2 ||    14
       Short sword       |     6 |       |       |       |       ||     6
       Staff             |       |    20 |    27 |    54 |    21 ||   122
       Kick              |       |       |       |     7 |     6 ||    13
Throw: Throwing net      |       |     1 |       |     2 |       ||     3
       Dart              |       |       |       |     7 |       ||     7
 Cast: Foxfire           |    67 |   132 |   209 |   344 |   282 ||  1034
       Conjure Flame     |       |     1 |     6 |    17 |     4 ||    28
       Inner Flame       |       |       |     3 |    60 |    47 ||   110
       Flame Wave        |       |       |     4 |    33 |    17 ||    54
       Scorch            |       |       |       |    31 |     1 ||    32
       Sticky Flame      |       |       |       |     9 |     2 ||    11
       Olgreb's Toxic Ra |       |       |       |       |     2 ||     2
Invok: Channel Magic     |       |       |       |     3 |       ||     3
Evoke: Wand              |       |       |       |    17 |       ||    17
       Phantom mirror    |       |       |       |     1 |       ||     1
  Use: Scroll            |       |       |       |    24 |    13 ||    37
       Potion            |       |       |       |    15 |     3 ||    18
 Stab: Sleeping          |     1 |     2 |     2 |       |     1 ||     6
       Held in net/web   |       |     1 |       |       |       ||     1
Armor: Skin              |     2 |     3 |    11 |    78 |    29 ||   123
Dodge: Dodged            |    14 |    46 |    26 |    81 |    47 ||   214
Block: Reflection        |       |     1 |     2 |    18 |       ||    21
       Other             |       |     1 |     1 |       |       ||     2
       Buckler           |       |       |    21 |   131 |    77 ||   229

Table legend: (Time is in decaauts)
 A = Elapsed time spent in this place.
 B = Non-inter-level travel time spent in this place.
 C = Inter-level travel time spent in this place.
 D = Time resting spent in this place.
 E = Time spent auto-exploring this place.
 F = Levels seen in this place.
 G = Mean time per level.
                   A        B        C        D        E       F      G
               +--------+--------+--------+--------+--------+-----+--------+
         Total |  25597 |  24921 |    676 |   2261 |  17576 |  19 | 1347.2 |
       Dungeon |  19655 |  19017 |    638 |   1937 |  13179 |  13 | 1511.9 |
        Temple |    135 |    123 |     12 |      0 |     94 |   1 |  135.0 |
          Lair |   5706 |   5681 |     25 |    324 |   4303 |   4 | 1426.5 |
        Bazaar |     99 |     99 |      0 |      0 |      0 |   1 |   99.0 |
               +--------+--------+--------+--------+--------+-----+--------+

Top non-repeatable levels by time:
    D:11: 3802 daAuts
     D:9: 2805 daAuts
     D:8: 2284 daAuts
     D:3: 1658 daAuts
  Lair:3: 1611 daAuts
  Lair:2: 1482 daAuts
     D:7: 1450 daAuts
     D:1: 1402 daAuts
     D:2: 1366 daAuts
     D:4: 1324 daAuts
  Lair:4: 1314 daAuts
  Lair:1: 1297 daAuts
     D:5: 1043 daAuts
     D:6: 1021 daAuts
    D:10: 858 daAuts
